 Dungeon Crawl Stone Soup version 0.18-a0-596-g6468885 (webtiles) character file.

200502 Raultor the Bewitcher (level 17, -13/126 HPs)
             Began as a Vampire Enchanter on Dec 3, 2015.
             Was the Champion of Dithmenos.
             Mangled by a war axe of freezing (19 damage)
             ... on level 2 of the Elven Halls.
             The game lasted 03:55:31 (34359 turns).

Raultor the Bewitcher (Vampire Enchanter)          Turns: 34359, Time: 03:55:31

Health: -13/126    AC:  0    Str:  3    XL:     17   Next: 88%
Magic:  9/24       EV: 36    Int: 19    God:    Dithmenos [******]
Gold:   816        SH:  0    Dex: 24    Spells: 6 memorised, 7 levels left

rFire  . . .     SeeInvis +     (weapon currently unavailable)
rCold  + + .     Clarity  .     (armour currently unavailable)
rNeg   + + +     SustAt   .     (shield currently unavailable)
rPois  ∞         Gourm    .     (helmet currently unavailable)
rElec  .         Spirit   .     (cloak currently unavailable)
rCorr  +         Dismiss  .     (gloves currently unavailable)
rMut   .         Stasis   .     (boots currently unavailable)
MR     +....                    J - amulet of resist corrosion {rCorr, !d}
Stlth  ++++++++++               (ring currently unavailable)
                                (ring currently unavailable)

@: bat-form, flying, bloodless, non-regenerating, wreathed by umbra, very quick,
somewhat resistant to hostile enchantments, uncannily stealthy
A: fangs 3, see invisible, (deformed body), low mp 1, (unbreathing), subdued
magic 1, MP-powered wands
a: End Transformation, Shadow Step, Shadow Form, Renounce Religion
}: 1/15 runes: barnacled


You were on level 2 of the Elven Halls.
You worshipped Dithmenos.
Dithmenos was exalted by your worship.
You were bloodless.
You were in vampire-bat-form.
You visited 5 branches of the dungeon, and saw 30 of its levels.
You also visited: Labyrinth.

You collected 3347 gold pieces.
You spent 2531 gold pieces at shops.

Inventory:

Hand Weapons
 a - a +2 dagger of electrocution (melded)
   (You took it off a goblin on level 1 of the Dungeon)
 b - the +8 rapier "Ucacual" {venom, *Confuse rPois Stlth+}
   (You bought it in a shop on level 4 of the Orcish Mines)

   It poisons the flesh of those it strikes.
   It protects you from poison.
   It may confuse you when you take damage.
   It makes you more stealthy.
 y - a +2 demon trident of draining
   (You found it on level 4 of the Shoals)
 U - a +3 quick blade
   (You acquired it on level 6 of the Lair of Beasts)
Missiles
 D - 7 throwing nets {=f, !d}
Armour
 j - a +2 cloak of invisibility (melded)
   (You took it off Crazy Yiuf on level 2 of the Dungeon)
 u - a +2 hat of magic resistance (melded)
   (You acquired it on level 4 of the Orcish Mines)
 v - a +2 pair of gloves of archery (melded)
   (You found it in a labyrinth)
 T - the +1 ring mail "Wifun" (melded) {Regen+}
   (You found it on level 4 of the Lair of Beasts)

   It increases your rate of regeneration.
 Z - a +0 buckler of reflection (melded)
   (You found it on level 11 of the Dungeon)
Magical Staves
 Q - an uncursed staff of air {rElec}
   (You found it on level 2 of the Elven Halls)
Jewellery
 e - an uncursed ring of flight {+Fly, !d}
   (You found it on level 2 of the Lair of Beasts)
 f - a +3 ring of slaying (melded)
   (You found it on level 1 of the Dungeon)
 m - an uncursed amulet of regeneration {+regen, !d}
   (You found it on level 3 of the Dungeon)
 A - the macabre finger necklace {rN+}
   (You found it in a labyrinth)

   [amulet of nothing]

   It protects you from negative energy.
 J - an amulet of resist corrosion (around neck) {rCorr, !d}
   (You found it on level 9 of the Dungeon)
 W - an uncursed ring of wizardry {Wiz+, !d}
   (You found it on level 1 of the Shoals)
 Y - the ring "Uha Ismo" (melded) {*Corrode rF+ MR+ Str+4}
   (You found it on level 11 of the Dungeon)

   [ring of protection from fire]

   It affects your strength (+4).
   It protects you from fire.
   It affects your resistance to hostile enchantments.
   It may corrode your equipment when you take damage.
Wands
 h - a wand of polymorph (6)
   (You found it on level 2 of the Elven Halls)
 q - a wand of cold (5)
   (You found it on level 4 of the Dungeon)
 t - a wand of draining (10)
   (You found it on level 5 of the Dungeon)
 G - a wand of disintegration (8)
   (You found it on level 4 of the Shoals)
 M - a wand of digging (11)
   (You found it on level 10 of the Dungeon)
Scrolls
 k - 5 scrolls of blinking {!r}
 l - 3 scrolls of fear
 n - 3 scrolls of teleportation
 o - 10 scrolls of remove curse
 w - 4 scrolls of recharging
 z - 4 scrolls of magic mapping {!r}
 E - 9 scrolls of identify
 I - 3 scrolls of enchant armour
 K - 2 scrolls of amnesia
 L - a scroll of acquirement
 N - 4 scrolls of enchant weapon
Potions
 d - 21 potions of blood {@q1}
 g - 6 potions of curing
 i - 5 potions of haste
 p - a potion of resistance
 r - 4 potions of might
 x - a potion of cancellation
 B - a potion of heal wounds
 C - 2 potions of invisibility
 P - 3 potions of flight
 V - 3 potions of beneficial mutation
Books
 c - a book of Maledictions
 s - a book of Unlife
   (You found it in a labyrinth)
 S - a book of Summonings
   (You found it on level 10 of the Dungeon)
 X - a book of the Sky
   (You bought it in a shop on level 4 of the Orcish Mines)
Miscellaneous
 H - a stone of tremors
   (You found it on level 4 of the Lair of Beasts)
 O - a fan of gales
   (You found it on level 11 of the Dungeon)
 R - a box of beasts
   (You found it on level 5 of the Lair of Beasts)


   Skills:
 - Level 9.5 Fighting
 - Level 11.6 Short Blades
 - Level 7.1 Armour
 - Level 12.6 Dodging
 + Level 15.1 Stealth
 - Level 4.9 Shields
 - Level 6.6 Spellcasting
 - Level 0.2 Conjurations
 - Level 16.1 Hexes
 * Level 6.2 Charms
 - Level 7.0 Summonings
 - Level 4.9 Ice Magic
 * Level 5.5 Air Magic
 - Level 5.0 Invocations
 - Level 11.2 Evocations


You had 7 spell levels left.
You knew the following spells:

 Your Spells              Type           Power        Failure   Level  Hunger
a - Dazzling Spray        Conj/Hex       ###.....     1%          3    ##.....
b - Tukima's Dance        Hex            #####...     0%          3    ##.....
c - Confuse               Hex            #####...     0%          3    ##.....
d - Summon Mana Viper     Hex/Summ       ####....     1%          5    #####..
e - Ensorcelled Hibernat  Hex/Ice        ####..       1%          2    None
f - Deflect Missiles      Chrm/Air       ###.......   92%         6    #######


Dungeon Overview and Level Annotations

Branches:
Dungeon (12/15)            Temple (0/1) D:5            Lair (8/8) D:8
 Shoals (4/4) Lair:6        Snake (0/4) Lair:5        Slime (0/6) Lair:7
    Orc (4/4) D:11            Elf (2/3) Orc:4

Altars:
Dithmenos
Elyvilon
Fedhas
Qazlal
Sif Muna
Trog
Vehumet
Yredelemnul
Zin
The Shining One
Beogh
Jiyva

Shops:
D:5 [   D:11 %   Orc:4 *:[(   Elf:2 (%?

Annotations:
D:6 exclusion: 2 doors, Charly's ghost, amateur HOBe
D:10 exclusion: 2 doors
D:12 exclusion: wraith, Josephine
Lair:2 exclusion: 2 electric eels
Shoals:3 exclusion: kraken


Innate Abilities, Weirdness & Mutations

You do not heal naturally.
You are immune to poison.
You have razor-sharp teeth.
You have supernaturally acute eyesight.
((You can survive without breathing.))
((Armour fits poorly on your strangely shaped body.))
Your magical capacity is low (-10% MP).
Your spells are a little easier to cast, but a little less powerful.
You expend magic power (3 MP) to strengthen your wands.


Message History

You take 3 damage, and have 80/126 hp.
You closely miss the hand axe of flaming.
You hit the hand axe of flaming but do no damage.
You bite the hand axe of flaming.
The hand axe of flaming completely misses you.
You closely miss the hand axe of flaming.
The hand axe of flaming hits you but does no damage.
You miss the hand axe of flaming.
You block the hand axe of flaming's attack.
Your ring mail "Wifun" prevents you from hitting the hand axe of flaming.
Your shadow hits the hand axe of flaming but does no damage.
A bardiche of pain comes into view.
You hit the hand axe of flaming. You bite the hand axe of flaming.
The hand axe of flaming hits you.
You take 6 damage, and have 74/126 hp.
You are too injured to fight recklessly!
You are too injured to fight recklessly!
A mana viper appears with a sibilant hiss.
The hand axe of flaming hits you but does no damage.
The hand axe of flaming hits you. The hand axe of flaming burns you.
You take 6 damage, and have 68/126 hp.
You now have 19/24 mp.
A mana viper appears with a sibilant hiss.
The hand axe of flaming hits you.
The hand axe of flaming barely misses your mana viper.
You take 1 damage, and have 67/126 hp.
You now have 14/24 mp.
A mana viper appears with a sibilant hiss.
Your mana viper disappears in a puff of smoke!
The hand axe of flaming hits you but does no damage.
The hand axe of flaming hits your mana viper.
The hand axe of flaming burns your mana viper.
Your mana viper bites the hand axe of flaming but does no damage.
You now have 9/24 mp.
You hit the hand axe of flaming.
The hand axe of flaming falls from the air.
Your mana viper bites the bardiche of pain!
You see here a hand axe of flaming.
Your mana viper barely misses the bardiche of pain.
The bardiche of pain misses you.
Your mana viper closely misses the bardiche of pain.
Your mana viper closely misses the bardiche of pain.
Your mana viper misses the bardiche of pain.
Your mana viper bites the bardiche of pain.
The bardiche of pain closely misses you.
Your mana viper bites the bardiche of pain!
Your mana viper bites the bardiche of pain.
The bardiche of pain hits your mana viper!!!
You hit the bardiche of pain but do no damage.
Your mana viper bites the bardiche of pain but does no damage.
The war axe of freezing closely misses your mana viper.
You closely miss the bardiche of pain.
Your shadow closely misses the bardiche of pain.
Your mana viper misses the bardiche of pain.
Your mana viper bites the bardiche of pain.
The war axe of freezing hits your mana viper!!
The war axe of freezing freezes your mana viper.
Your mana viper seems to slow down.
You barely miss the bardiche of pain. Your bite misses the bardiche of pain.
Your mana viper barely misses the bardiche of pain.
The bardiche of pain hits you!!
You emit a cloud of dark smoke.
You take 20 damage, and have 47/126 hp.
You miss the bardiche of pain. Your bite misses the bardiche of pain.
Your shadow misses the bardiche of pain.
Your mana viper closely misses the bardiche of pain.
The war axe of freezing closely misses your mana viper.
You hit the bardiche of pain but do no damage.
Your mana viper bites the bardiche of pain!
You hit the bardiche of pain but do no damage.
Your shadow hits the bardiche of pain but does no damage.
The war axe of freezing completely misses your mana viper.
Your mana viper barely misses the bardiche of pain. x2
The bardiche of pain closely misses you.
You hit the bardiche of pain. Your bite misses the bardiche of pain.
Your mana viper misses the bardiche of pain.
You hit the bardiche of pain but do no damage.
You bite the bardiche of pain, but do no damage.
The war axe of freezing hits your mana viper!
The war axe of freezing freezes your mana viper.
Your mana viper dies!
You closely miss the bardiche of pain.
Your mana viper bites the bardiche of pain but does no damage.
The bardiche of pain hits you!!!
* * * LOW HITPOINT WARNING * * *
You emit a cloud of dark smoke.
You take 41 damage, and have 6/126 hp.
MASSIVE DAMAGE!!
You turn into a vampire bat.
Your +2 dagger of electrocution melds into your body.
Your +2 cloak of invisibility melds into your body.
Your +2 hat of magic resistance melds into your body.
Your +2 pair of gloves of archery melds into your body.
Your +0 buckler of reflection melds into your body.
The +1 ring mail "Wifun" {Regen+} melds into your body.
Your +3 ring of slaying melds into your body.
The ring "Uha Ismo" {*Corrode rF+ MR+ Str+4} melds into your body.
Your +2 dagger of electrocution stops crackling.
You feel less resistant to hostile enchantments.
Your aim is not that steady anymore.
Your mana viper barely misses the bardiche of pain.
The war axe of freezing hits you!!
You die...

...... ................
...... #...............
(...... #...............
e)....)#####...............
.)......#.#..........).....
..)........................
........§§§§§..............
.......§§§(S§......#.......
#.......§(b§§.....###.)....
#.....(§§§§§§...## ##.)...
#.......§§§§§[....###....).
.................[.#.......
............)..............
.##.....###.....##...##...#
##.#.++#''.#.####.####.##
#####...##### ### ### #)''#


You could see 2 dancing weapons and a friendly mana viper.

Vanquished Creatures
  2 krakens
  Ilsuiw (Shoals:4)
  An orc warlord (Orc:4)
  A merfolk javelineer (Shoals:2)
  A minotaur (Lab)
  6 merfolk impalers
  Erolcha (Orc:2)
  A deep elf high priest (Elf:1)
  5 hydras
  Harold (Orc:1)
  An ice dragon (Lair:8)
  5 merfolk avatars
  3 satyrs
  A catoblepas (Lair:7)
  3 alligator snapping turtles
  2 merfolk aquamancers (Shoals:4)
  7 dancing weapons (Elf:2)
  A centaur warrior (D:11)
  3 death yaks (Lair:7)
  2 orc high priests (Orc:4)
  Nergalle (D:12)
  13 deep elf knights
  15 sea snakes
  3 deep elf summoners (Elf:1)
  4 orc knights
  An unseen horror (D:11)
  2 ugly things
  12 deep elf conjurers
  6 harpies
  4 cyclopes
  2 orc sorcerers
  12 fauns
  3 griffons
  2 lindwurms (Lair:8)
  4 water nymphs
  A wolf spider (Lair:8)
  7 manticores
  9 elephants (Lair:8)
  4 sirens (Shoals:4)
  6 torpor snails (Lair:8)
  11 black mambas
  24 spiny frogs
  A yaktaur (D:11)
  3 komodo dragons
  5 deep elf priests (Elf:1)
  9 trolls
  2 fire drakes
  3 minotaur zombies (Lab)
  11 merfolk
  2 two-headed ogres
  14 snapping turtles
  A polar bear (Lair:8)
  A boulder beetle (Lair:8)
  3 giant leeches (Lair:8)
  18 blink frogs
  5 wind drakes
  7 water elementals
  52 yaks
  18 deep elf magi
  2 basilisks
  3 wyverns
  2 shadows
  9 hippogriffs
  4 hungry ghosts
  12 deep elf fighters
  Edmund (D:5)
  13 wolves
  3 mottled dragons
  17 water moccasins
  2 nagas (Lair:5)
  13 porcupines
  4 wargs
  8 wasps
  23 orc warriors
  3 ice beasts
  5 sky beasts
  4 black bears
  3 phantoms
  11 ogres
  9 centaurs
  A necrophage (D:8)
  18 crocodiles
  15 giant frogs
  A water moccasin skeleton (D:8)
  5 killer bees (D:7)
  A scorpion (D:11)
  4 wights
  4 electric eels
  4 centaur zombies
  5 giant frog zombies
  5 crimson imps
  A quasit (D:5)
  2 wasp zombies
  2 giant frog skeletons
  Crazy Yiuf (D:2)
  2 jellies
  22 orc wizards
  13 iguanas
  12 worker ants
  19 orc priests
  9 hounds
  28 sheep
  3 hound skeletons
  A worker ant zombie (D:6)
  9 gnolls
  20 river rats
  18 adders
  3 shadow imps
  An ooze (D:2)
  An adder skeleton (D:9)
  19 worms
  126 orcs
  7 giant cockroaches
  7 hobgoblins
  18 jackals
  7 kobolds
  3 ball pythons
  4 bats
  7 giant geckos
  3 giant gecko skeletons
  6 giant newts
  12 goblins
  A jackal zombie (D:8)
  2 quokkas
  A quokka zombie (D:8)
  7 rats
  4 plants
964 creatures vanquished.

Vanquished Creatures (collateral kills)
  A frost giant (Shoals:4)
  A merfolk javelineer (Shoals:4)
  A merfolk impaler (Shoals:4)
  A merfolk aquamancer (Shoals:4)
  A dancing weapon (Elf:2)
  3 deep elf knights
  A large abomination (Orc:4)
  A sea snake (Shoals:4)
  3 harpies
  2 deep elf conjurers (Elf:1)
  4 fauns
  2 griffons
  An orc sorcerer (Orc:4)
  2 manticores (Shoals:2)
  8 sirens
  A guardian serpent (Lair:8)
  4 deep elf priests (Elf:1)
  8 merfolk
  A wind drake (Shoals:4)
  A troll (Orc:4)
  4 snapping turtles (Shoals:4)
  A two-headed ogre (D:9)
  3 deep elf magi
  2 yaks
  5 deep elf fighters
  A water elemental (Shoals:4)
  6 orc warriors
  2 ogres
  A centaur (Shoals:4)
  A crocodile (Lair:8)
  A wyvern zombie (D:9)
  5 wights
  10 orc priests
  3 orc wizards
  A worker ant (Lair:8)
  2 sheep (Shoals:2)
  3 gnolls
  2 worms (Lair:8)
  19 orcs
119 creatures vanquished.

Vanquished Creatures (others)
  A merfolk javelineer (Shoals:4)
  2 satyrs (Shoals:3)
  A faun (Shoals:3)
  15 dancing weapons
  A water elemental (Shoals:3)
  A deep elf mage (Elf:1)
  A wasp (Lair:8)
  An orc priest (Orc:3)
  A sheep (Shoals:1)
  3 orcs
  13 fungi
  21 plants
  4 tentacles (Shoals:2)
65 creatures vanquished.

Grand Total: 1148 creatures vanquished

Notes
Turn   | Place    | Note
--------------------------------------------------------------
     0 | D:1      | Raultor the Vampire Enchanter began the quest for the Orb.
     0 | D:1      | Reached XP level 1. HP: 13/13 MP: 3/3
   312 | D:1      | Reached XP level 2. HP: 16/19 MP: 5/5
   332 | D:1      | Learned a level 2 spell: Ensorcelled Hibernation
   555 | D:1      | Reached skill level 5 in Stealth
   571 | D:1      | Reached skill level 2 in Short Blades
   756 | D:1      | Reached XP level 3. HP: 24/24 MP: 6/6
   987 | D:2      | Reached skill level 5 in Hexes
  1188 | D:2      | Noticed Crazy Yiuf
  1192 | D:2      | Killed Crazy Yiuf
  1235 | D:2      | Reached XP level 4. HP: 30/30 MP: 7/7
  1267 | D:2      | Reached skill level 6 in Stealth
  1291 | D:2      | Found a white marble altar of Elyvilon.
  1658 | D:2      | Learned a level 3 spell: Tukima's Dance
  1840 | D:3      | Reached skill level 3 in Short Blades
  1955 | D:3      | Reached XP level 5. HP: 35/35 MP: 8/8
  2054 | D:3      | You fall through a shaft for 3 floors!
  2054 | D:6      | Noticed a sky beast
  2060 | D:6      | Killed a sky beast
  2060 | D:6      | Reached skill level 7 in Stealth
  2060 | D:6      | Reached skill level 6 in Hexes
  2060 | D:6      | Reached skill level 1 in Ice Magic
  2066 | D:5      | Entered Level 5 of the Dungeon
  2386 | D:3      | Found a bloodstained altar of Trog.
  2390 | D:3      | Found a stormy altar of Qazlal.
  2391 | D:3      | Found a white marble altar of Elyvilon.
  2393 | D:3      | Found a basalt altar of Yredelemnul.
  2634 | D:4      | Reached XP level 6. HP: 41/41 MP: 9/9
  2806 | D:4      | Found a shadowy altar of Dithmenos.
  2814 | D:4      | Became a worshipper of Dithmenos the Shadowed
  2925 | D:4      | Found a bloodstained altar of Trog.
  3003 | D:4      | Found a radiant altar of Vehumet.
  3185 | D:5      | Noticed Edmund
  3213 | D:5      | Reached skill level 8 in Stealth
  3288 | D:5      | Reached skill level 4 in Short Blades
  3288 | D:5      | Reached skill level 7 in Hexes
  3288 | D:5      | Reached XP level 7. HP: 46/46 MP: 10/10
  3334 | D:5      | Reached skill level 2 in Ice Magic
  3343 | D:5      | Found a staircase to the Ecumenical Temple.
  3504 | D:5      | Reached skill level 9 in Stealth
  3515 | D:5      | Reached skill level 1 in Fighting
  3594 | D:5      | Found a blossoming altar of Fedhas.
  3611 | D:5      | Reached * piety under Dithmenos
  3752 | D:5      | Reached skill level 3 in Dodging
  4030 | D:5      | Reached XP level 8. HP: 54/54 MP: 11/11
  4052 | D:5      | Reached skill level 3 in Ice Magic
  4103 | D:5      | Found Nusor's Armour Boutique.
  4134 | D:5      | Reached skill level 10 in Stealth
  4233 | D:5      | Reached skill level 5 in Short Blades
  4274 | D:5      | Killed Edmund
  4285 | D:6      | Reached skill level 2 in Fighting
  4322 | D:6      | Noticed Charly's ghost (amateur HOBe)
  4362 | D:6      | Learned a level 3 spell: Confuse
  4477 | D:6      | Reached skill level 4 in Dodging
  4548 | D:6      | Reached skill level 11 in Stealth
  4905 | D:7      | Reached ** piety under Dithmenos
  4905 | D:7      | Reached skill level 3 in Fighting
  4905 | D:7      | Reached XP level 9. HP: 45/63 MP: 12/12
  5042 | D:7      | Reached skill level 6 in Short Blades
  5042 | D:7      | Reached skill level 8 in Hexes
  5376 | D:7      | Reached skill level 1 in Shields
  5376 | D:7      | Reached skill level 1 in Evocations
  5514 | D:7      | Reached skill level 4 in Fighting
  5693 | D:7      | Reached skill level 5 in Dodging
  5748 | D:7      | Reached skill level 2 in Shields
  5748 | D:7      | Reached skill level 2 in Evocations
  5762 | D:7      | Found a glowing golden altar of the Shining One.
  6010 | D:8      | Found a staircase to the Lair.
  6052 | D:8      | Reached skill level 3 in Evocations
  6057 | D:8      | Reached skill level 3 in Shields
  6064 | D:8      | Reached skill level 5 in Fighting
  6064 | D:8      | Reached skill level 9 in Hexes
  6064 | D:8      | Reached XP level 10. HP: 72/74 MP: 3/13
  6634 | D:8      | Identified the Reference Book on Calling and Shape Shifting
  6955 | D:8      | Reached *** piety under Dithmenos
  6997 | D:8      | Reached skill level 4 in Shields
  7080 | D:8      | Reached skill level 6 in Dodging
  7080 | D:8      | Reached skill level 4 in Evocations
  7537 | D:9      | Reached skill level 6 in Fighting
  7681 | D:9      | Found a bloodstained altar of Trog.
  8011 | D:9      | Found a blossoming altar of Fedhas.
  8048 | D:10     | Entered Level 10 of the Dungeon
  8147 | D:10     | Reached **** piety under Dithmenos
  8268 | D:10     | Reached skill level 5 in Evocations
  8420 | D:10     | Reached skill level 10 in Hexes
  8666 | D:11     | Reached XP level 11. HP: 70/81 MP: 13/15
  8677 | D:11     | Noticed a centaur warrior
  8684 | D:11     | Found a staircase to the Orcish Mines.
  8704 | D:11     | Killed a centaur warrior
  8772 | D:11     | Found Jallecenk's Food Shoppe.
  8848 | D:11     | Reached skill level 7 in Fighting
  9005 | D:11     | HP: 19/82 [yaktaur (11)]
  9352 | D:11     | Reached skill level 7 in Dodging
  9364 | D:11     | Noticed an unseen horror
  9370 | D:11     | Killed an unseen horror
  9431 | D:11     | Reached skill level 6 in Evocations
  9788 | D:11     | Reached skill level 7 in Short Blades
  9799 | D:11     | Got a coiled steel ring
  9801 | D:11     | Identified the ring "Uha Ismo" {*Corrode rF+ MR+ Str+4} (You found it on level 11 of the Dungeon)
  9977 | D:12     | Noticed Josephine
 10044 | D:12     | Noticed a lindwurm
 10045 | D:12     | a lindwurm changed into an eye of devastation
 10207 | D:12     | Noticed Nergalle
 10214 | D:12     | Killed Nergalle
 10519 | Lair:1   | Entered Level 1 of the Lair of Beasts
 10525 | Lair:1   | Reached skill level 8 in Fighting
 10614 | Lair:1   | Reached skill level 7 in Evocations
 10663 | Lair:1   | Reached skill level 11 in Hexes
 10764 | Lair:1   | Reached skill level 1 in Armour
 10791 | Lair:1   | Reached ***** piety under Dithmenos
 11111 | Lair:1   | Reached skill level 8 in Dodging
 11111 | Lair:1   | Reached XP level 12. HP: 77/90 MP: 6/17
 11574 | Lair:1   | Gained mutation: Your spells are a little easier to cast, but a little less powerful. [potion of mutation]
 11574 | Lair:1   | Gained mutation: Armour fits poorly on your strangely shaped body. [potion of mutation]
 11642 | Lair:2   | Reached skill level 8 in Short Blades
 11699 | Lair:2   | Reached skill level 2 in Armour
 11830 | Lair:2   | Reached skill level 8 in Evocations
 12449 | Lair:3   | Found a glowing silver altar of Zin.
 12792 | Lair:3   | Noticed a six-headed hydra
 12806 | Lair:3   | Killed a six-headed hydra
 12806 | Lair:3   | Reached skill level 3 in Armour
 13276 | Lair:4   | Found a labyrinth entrance.
 13392 | Lair:4   | Reached skill level 9 in Dodging
 13392 | Lair:4   | Reached skill level 12 in Hexes
 13510 | Lair:4   | Got a jewelled ring mail
 13521 | Lair:4   | Identified the cursed +1 ring mail "Wifun" {Regen+} (You found it on level 4 of the Lair of Beasts)
 13562 | Lair:4   | Reached skill level 9 in Evocations
 13757 | Lab      | Entered a labyrinth
 13963 | Lab      | Noticed a minotaur
 13968 | Lab      | Killed a minotaur
 13968 | Lab      | Reached skill level 9 in Short Blades
 13998 | Lab      | Learned a level 5 spell: Summon Mana Viper
 14000 | Lab      | Got an ivory hand crossbow
 14001 | Lab      | Identified the cursed +1 hand crossbow of the Pyrrhic Victory {elec, MR+ Str+2} (You found it in a labyrinth)
 14420 | Lair:5   | Reached XP level 13. HP: 98/98 MP: 20/20
 14432 | Lair:5   | Found a staircase to the Snake Pit.
 15059 | Lair:5   | You fall through a shaft!
 15070 | Lair:6   | Reached skill level 6 in Spellcasting
 15070 | Lair:6   | Reached XP level 14. HP: 94/105 MP: 20/23
 15071 | Lair:6   | Reached skill level 7 in Summonings
 15071 | Lair:6   | Reached XP level 15. HP: 98/110 MP: 20/24
 15119 | Lair:6   | Found a staircase to the Shoals.
 15151 | Lair:6   | Reached skill level 4 in Armour
 15512 | Lair:6   | Reached skill level 4 in Ice Magic
 16145 | Lair:7   | Reached ****** piety under Dithmenos
 16382 | Lair:7   | Found a staircase to the Slime Pits.
 16382 | Lair:7   | Found a viscous altar of Jiyva.
 16460 | Lair:7   | Reached skill level 10 in Evocations
 16462 | Lair:7   | Reached skill level 13 in Hexes
 16547 | Lair:7   | Gained mutation: Your magical capacity is low (-10% MP). [mutagenic glow]
 17004 | Lair:8   | Entered Level 8 of the Lair of Beasts
 17284 | Lair:8   | Reached skill level 10 in Dodging
 17563 | Lair:8   | Reached skill level 5 in Armour
 17782 | Lair:8   | Reached skill level 10 in Short Blades
 18368 | Lair:8   | Reached skill level 11 in Evocations
 18620 | Lair:8   | Found a runed door.
 18832 | Lair:8   | Identified 3 scrolls of acquirement
 18926 | Lair:8   | Reached skill level 14 in Hexes
 19627 | Orc:1    | Entered Level 1 of the Orcish Mines
 19824 | Orc:1    | Noticed Harold
 19830 | Orc:1    | Killed Harold
 19830 | Orc:1    | Reached XP level 16. HP: 118/118 MP: 23/23
 19984 | Orc:2    | Found a roughly hewn altar of Beogh.
 21076 | Orc:2    | Noticed Erolcha
 21099 | Orc:2    | Killed Erolcha
 21099 | Orc:2    | Reached skill level 11 in Dodging
 21374 | Orc:4    | Entered Level 4 of the Orcish Mines
 21374 | Orc:4    | Found a staircase to the Elven Halls.
 21515 | Orc:4    | Reached skill level 1 in Invocations
 21545 | Orc:4    | Reached skill level 6 in Armour
 21689 | Orc:4    | Found a roughly hewn altar of Beogh.
 21916 | Orc:4    | Found a roughly hewn altar of Beogh.
 22074 | Orc:4    | Reached skill level 2 in Invocations
 22153 | Orc:4    | Found Yput's Antique Armour Shop.
 22159 | Orc:4    | Bought a polished cloak for 313 gold pieces
 22159 | Orc:4    | Bought a twisted robe for 188 gold pieces
 22169 | Orc:4    | Identified the cursed -4 cloak "Qidghod" {Str+3} (You bought it in a shop on level 4 of the Orcish Mines)
 22187 | Orc:4    | Identified the +1 robe of Byux {Slay+2} (You bought it in a shop on level 4 of the Orcish Mines)
 22201 | Orc:4    | Found Tillewk's Antique Weapon Shop.
 22208 | Orc:4    | Bought a translucent rapier for 333 gold pieces
 22210 | Orc:4    | Identified the +8 rapier "Ucacual" {venom, *Confuse rPois Stlth+} (You bought it in a shop on level 4 of the Orcish Mines)
 22503 | Orc:4    | Found Jopoin's General Store.
 22511 | Orc:4    | Bought a scroll of recharging for 123 gold pieces
 22551 | Orc:4    | Found Vainymam's Book Shop.
 23152 | Shoals:1 | Entered Level 1 of the Shoals
 23899 | Shoals:2 | HP: 28/119 [merfolk impaler/trident of piercing (4)]
 24495 | Shoals:2 | HP: 23/119 [merfolk impaler/trident of piercing (20)]
 25254 | Shoals:2 | Reached skill level 12 in Stealth
 25270 | Shoals:2 | Reached skill level 9 in Fighting
 25763 | Shoals:3 | Got a brightly glowing robe
 25774 | Shoals:3 | Identified the +2 robe of Grace {+Blink rC- MP+9 Str+5} (You found it on level 3 of the Shoals)
 25889 | Shoals:3 | Reached skill level 15 in Hexes
 26035 | Shoals:3 | Reached skill level 11 in Short Blades
 26035 | Shoals:3 | Reached skill level 13 in Stealth
 26441 | Shoals:3 | Found a bloodstained altar of Trog.
 26907 | Shoals:3 | Reached skill level 12 in Dodging
 26913 | Shoals:3 | Reached skill level 3 in Invocations
 27074 | Shoals:4 | Entered Level 4 of the Shoals
 27532 | Shoals:4 | Learned a level 3 spell: Dazzling Spray
 27752 | Shoals:4 | Noticed Ilsuiw
 27755 | Shoals:4 | Reached skill level 7 in Armour
 28216 | Shoals:4 | Reached XP level 17. HP: 102/126 MP: 14/24
 28349 | Shoals:4 | Reached skill level 4 in Invocations
 28879 | Shoals:4 | Killed Ilsuiw
 29165 | Shoals:4 | HP: 25/126 [snapping turtle (23)]
 29172 | Shoals:4 | HP: 31/126 [harpy (7)]
 29178 | Shoals:4 | HP: 22/126 [snapping turtle (11)]
 29253 | Shoals:4 | HP: 30/126 [merfolk impaler (18)]
 29337 | Shoals:4 | HP: 25/126 [merfolk aquamancer/great wave of water (20)]
 29533 | Shoals:4 | Got a translucent glass ring
 29534 | Shoals:4 | Identified the cursed ring "Impefav" {rN+ AC-4 Dex+3 Stlth+} (You took it off a siren on level 4 of the Shoals)
 29610 | Shoals:4 | Reached skill level 16 in Hexes
 29686 | Shoals:4 | Got a twisted lajatang
 29687 | Shoals:4 | Identified the +7 lajatang "Ofirr" {antimagic, rElec rPois Int+3} (You found it on level 4 of the Shoals)
 30078 | Shoals:4 | Reached skill level 14 in Stealth
 30621 | Shoals:4 | Got a barnacled rune of Zot
 30710 | Shoals:4 | Reached skill level 5 in Invocations
 31261 | Elf:1    | Entered Level 1 of the Elven Halls
 31282 | Orc:4    | Bought a book of the Sky for 1040 gold pieces
 31289 | Orc:4    | Learned a level 6 spell: Deflect Missiles
 31363 | Elf:1    | Reached skill level 1 in Charms
 31539 | Orc:4    | HP: 14/126 [large abomination[a deep elf priest] (25)]
 31551 | Orc:4    | Reached skill level 1 in Air Magic
 31948 | Elf:1    | Reached skill level 2 in Charms
 31962 | Elf:1    | Reached skill level 2 in Air Magic
 32050 | Elf:1    | Gained mutation: You expend magic power (3 MP) to strengthen your wands. [mutagenic glow]
 32069 | Elf:1    | Reached skill level 3 in Air Magic
 32107 | Elf:1    | Reached skill level 3 in Charms
 32489 | Elf:1    | Reached skill level 4 in Charms
 32889 | Elf:2    | Found a deep blue altar of Sif Muna.
 32889 | Elf:2    | Found Butz's Antique Weapon Boutique.
 32897 | Elf:2    | Found Empey's Food Boutique.
 32921 | Elf:2    | Bought a steaming dagger for 280 gold pieces
 32931 | Elf:2    | Found Emuamm's Magic Scroll Emporium.
 32989 | Elf:2    | Bought a scroll of enchant armour for 127 gold pieces
 32989 | Elf:2    | Bought a scroll of enchant weapon for 127 gold pieces
 33093 | Elf:2    | Reached skill level 4 in Air Magic
 33199 | Elf:2    | Reached skill level 5 in Charms
 33330 | Elf:2    | HP: 31/126 [enchanted dagger (7)]
 33639 | Elf:2    | Found a runed gate.
 33639 | Elf:2    | Found a runed gate.
 33640 | Elf:2    | Found a runed gate.
 33713 | Elf:2    | Reached skill level 5 in Air Magic
 33767 | Elf:2    | Reached skill level 15 in Stealth
 33853 | Elf:2    | Reached skill level 6 in Charms
 34358 | Elf:2    | HP: 6/126 [bardiche of pain (41)]
 34359 | Elf:2    | Mangled by a war axe of freezing

Vault maps used:
D:1:      dpeg_arrival_round_a, serial_bayou_pond_d, grunt_decor_resistance,
          feat_on_display
D:2:      elyvilon_altar_5, uniq_crazy_yiuf_cottage
D:3:      minitemple
D:4:      nicolae_dithmenos_the_darkroom, fiery_altar_vehumet,
          trog_three_pillars_becter
D:5:      minmay_temple_entry_junction, first_bread, serial_shops,
          kennysheep_little_box, minmay_misc_feat_iff,
          fedhas_bush_and_centaur_altar, uniq_edmund
D:6:      kennysheep_dice
D:7:      marbit_many_paths, grunt_ogre_cave, solitary_fountain, minivault_25
D:8:      erik_lair_island
D:9:      lemuel_coloured_pillars_altar, trog_ov_bears_minmay
D:10:     minmay_guarded_unrand_flaming_death
D:11:     orc_0_dummy, serial_shops, nicolae_shop_crystal, minmay_diamond_spiral
D:12:     uniq_josephine, uniq_urug, uniq_nergalle
Lair:1:   st_stairs_5, columned_hall_lemuel, grunt_megastairs_4
Lair:2:   beast_lair_carwin_10, infiniplex_staircase_pool
Lair:3:   basic_altar
Lair:4:   lab_entry_generic, wad_woods_04
Lair:5:   guppyfry_snake_entry_garden, serial_forest, infiniplex_forest_lined_1,
          infiniplex_forest_diagonal, infiniplex_forest_end_2,
          infiniplex_forest_lined_2, infiniplex_forest_3_way,
          infiniplex_staircase_pool_2, serial_bayou_shore_b,
          serial_bayou_shore_b, lemuel_fruit_tree
Lair:6:   shoals_dummy_entry, minivault_11, grunt_megastairs_3
Lair:7:   beast_lair_carwin_large_3, slime_altar_1
Lair:8:   hangedman_lair_tendril_chambers, wormcave
Shoals:2: nicolae_shoals_kraken_intersection
Shoals:3: wheals_shoals_ruined_temple
Shoals:4: shoals_end_grunt_ice, shoals_ilsuiw_ice
Orc:1:    uniq_harold
Orc:2:    basic_altar, uniq_erolcha
Orc:3:    nicolae_orc_pool_cavern
Orc:4:    grunt_orc_cross, minmay_orc_temple_c
Elf:1:    eino_elf_arrival_the_gate, minivault_28
Elf:2:    serial_shops, shop_fountains, nicolae_shop_statue_plus,
          nicolae_shop_trees, basic_altar
Lab:      labyrinth_hidden_loot, nicolae_lab_grate

Action                   |  1- 3 |  4- 6 |  7- 9 | 10-12 | 13-15 | 16-18 || total
-------------------------+-------+-------+-------+-------+-------+-------++-------
Melee: Dagger            |    68 |   108 |   221 |   767 |   862 |   490 ||  2516
       Rapier            |       |       |       |       |       |   824 ||   824
       Short sword       |       |       |       |       |       |   182 ||   182
       Quick blade       |       |       |       |       |       |    20 ||    20
       Demon trident     |       |       |       |       |       |    15 ||    15
 Cast: Ensorcelled Hiber |     2 |     1 |    16 |    50 |     9 |    10 ||    88
       Tukima's Dance    |       |     5 |    14 |    23 |       |    90 ||   132
       Corona            |       |       |     1 |     1 |       |       ||     2
       Confuse           |       |       |     8 |    24 |     3 |     9 ||    44
       Summon Mana Viper |       |       |       |       |     9 |    75 ||    84
       Dazzling Spray    |       |       |       |       |       |    22 ||    22
 Abil: Bat Form          |       |       |       |     2 |       |    14 ||    16
       End Transformatio |       |       |       |     2 |       |    13 ||    15
       Evoke Invisibilit |       |       |       |       |    16 |    34 ||    50
       Evoke Blink       |       |       |       |       |       |     1 ||     1
       Evoke Flight      |       |       |       |       |       |    12 ||    12
Evoke: Wand              |       |       |       |     3 |       |       ||     3
  Use: Scroll            |     1 |       |       |    14 |     6 |    10 ||    31
       Potion            |       |       |     2 |    15 |     4 |    11 ||    32
 Stab: Sleeping          |    16 |    14 |    34 |    92 |    35 |    69 ||   260
       Distracted        |       |     1 |     4 |     1 |     7 |    11 ||    24
       Confused          |       |       |     3 |    12 |     2 |     9 ||    26
       Invisible         |       |       |       |       |    68 |   120 ||   188
  Eat: Corpse            |     1 |     1 |     2 |     3 |     1 |     7 ||    15

Vault maps used:
D:1:      dpeg_arrival_round_a, serial_bayou_pond_d, grunt_decor_resistance,
          feat_on_display
D:2:      elyvilon_altar_5, uniq_crazy_yiuf_cottage
D:3:      minitemple
D:4:      nicolae_dithmenos_the_darkroom, fiery_altar_vehumet,
          trog_three_pillars_becter
D:5:      minmay_temple_entry_junction, first_bread, serial_shops,
          kennysheep_little_box, minmay_misc_feat_iff,
          fedhas_bush_and_centaur_altar, uniq_edmund
D:6:      kennysheep_dice
D:7:      marbit_many_paths, grunt_ogre_cave, solitary_fountain, minivault_25
D:8:      erik_lair_island
D:9:      lemuel_coloured_pillars_altar, trog_ov_bears_minmay
D:10:     minmay_guarded_unrand_flaming_death
D:11:     orc_0_dummy, serial_shops, nicolae_shop_crystal, minmay_diamond_spiral
D:12:     uniq_josephine, uniq_urug, uniq_nergalle
Lair:1:   st_stairs_5, columned_hall_lemuel, grunt_megastairs_4
Lair:2:   beast_lair_carwin_10, infiniplex_staircase_pool
Lair:3:   basic_altar
Lair:4:   lab_entry_generic, wad_woods_04
Lair:5:   guppyfry_snake_entry_garden, serial_forest, infiniplex_forest_lined_1,
          infiniplex_forest_diagonal, infiniplex_forest_end_2,
          infiniplex_forest_lined_2, infiniplex_forest_3_way,
          infiniplex_staircase_pool_2, serial_bayou_shore_b,
          serial_bayou_shore_b, lemuel_fruit_tree
Lair:6:   shoals_dummy_entry, minivault_11, grunt_megastairs_3
Lair:7:   beast_lair_carwin_large_3, slime_altar_1
Lair:8:   hangedman_lair_tendril_chambers, wormcave
Shoals:2: nicolae_shoals_kraken_intersection
Shoals:3: wheals_shoals_ruined_temple
Shoals:4: shoals_end_grunt_ice, shoals_ilsuiw_ice
Orc:1:    uniq_harold
Orc:2:    basic_altar, uniq_erolcha
Orc:3:    nicolae_orc_pool_cavern
Orc:4:    grunt_orc_cross, minmay_orc_temple_c
Elf:1:    eino_elf_arrival_the_gate, minivault_28
Elf:2:    serial_shops, shop_fountains, nicolae_shop_statue_plus,
          nicolae_shop_trees, basic_altar
Lab:      labyrinth_hidden_loot, nicolae_lab_grate

Table legend:
 A = Turns spent in this place as a percentage of turns spent in the entire game.
 B = Non-inter-level travel turns spent in this place as a percentage of non-inter-level travel turns spent in the entire game.
 C = Inter-level travel turns spent in this place as a percentage of turns spent in this place.
 D = Turns resting spent in this place as a percentage of non-inter-level travel turns spent in this place.
 E = Turns spent auto-exploring this place as a percentage of non-inter-level travel turns spent in this place.
 F = Non-inter-level travel turns spent in this place divided by the number of levels of this place that you've seen.
                   A       B       C       D       E      F
               +-------+-------+-------+-------+-------+----------------------
         Total | 100.0 | 100.0 |   0.7 |   2.4 |   7.8 | 373.7
       Dungeon |  26.8 |  26.7 |   0.9 |   1.7 |  10.8 | 257.9
          Lair |  27.8 |  27.8 |   0.6 |   1.3 |   6.7 | 402.2
        Shoals |  22.1 |  22.1 |   0.5 |   5.6 |   5.5 | 640.2
  Orcish Mines |  11.4 |  11.3 |   1.4 |   1.3 |  10.8 | 328.5
   Elven Halls |   9.2 |   9.3 |   0.2 |   2.6 |   6.3 | 536.5
     Labyrinth |   2.8 |   2.8 |   0.0 |   0.0 |   0.0 | 324.0
               +-------+-------+-------+-------+-------+----------------------

Table legend:
 A = Kills in this place as a percentage of kills in entire the game.
 B = Kills by you in this place as a percentage of kills by you in the entire game.
 C = Kills by friends in this place as a percentage of kills by friends in the entire game.
 D = Other kills in this place as a percentage of other kills in the entire game.
 E = Experience gained in this place as a percentage of experience gained in the entire game.
 F = Experience gained in this place divided by the number of levels of this place that you have seen.
                   A       B       C       D       E      F
               +-------+-------+-------+-------+-------+----------------------
         Total | 100.0 | 100.0 | 100.0 | 100.0 | 100.0 | 6948.0
       Dungeon |  26.3 |  27.5 |  17.6 |   0.0 |   8.3 | 1496.1
          Lair |  30.0 |  33.2 |   5.9 |   0.0 |  30.4 | 8172.2
        Shoals |  15.1 |  12.4 |  34.5 |  66.7 |  34.9 | 18801.8
  Orcish Mines |  20.1 |  19.3 |  26.9 |  16.7 |   8.0 | 4288.5
   Elven Halls |   8.1 |   7.2 |  15.1 |  16.7 |  17.5 | 18815.0
     Labyrinth |   0.4 |   0.4 |   0.0 |   0.0 |   1.0 | 2066.0
               +-------+-------+-------+-------+-------+----------------------
